 Dungeon Crawl Stone Soup version 0.29-a0-322-g68df515428 (webtiles) character file.

Game seed: 692432750188237233

17248 gimp the Severer (level 12, -3/83 HPs)
             Began as a Formicid Wanderer on Apr 8, 2022.
             Was a High Priest of the Shining One.
             Slain by an orc warrior
             ... wielding a +0 broad axe
              (9 damage)
             ... on level 10 of the Dungeon.
             The game lasted 00:36:58 (17448 turns).

gimp the Severer (Formicid Wanderer)               Turns: 17448, Time: 00:36:58

Health: -3/83      AC: 15    Str: 22    XL:     12   Next: 80%
Magic:  13/13      EV: 10    Int: 10    God:    the Shining One [*****.]
Gold:   1860       SH:  0    Dex: 20    Spells: 11/11 levels left

rFire   + + +      SeeInvis +   b - +1 battleaxe
rCold   + . .      Faith    .   (no shield)
rNeg    + + +      Spirit   .   t - +2 scale mail {Will+}
rPois   +          Reflect  .   (helmet unavailable)
rElec   +          Harm     .   (no cloak)
rCorr   +          Rampage  .   y - +1 pair of gloves
Will    +++..                   k - +1 pair of boots "Urruam" {rN+ Will+ Dex+8}
Stlth   ..........              (no amulet)
HPRegen 0.23/turn               r - ring of protection from fire
MPRegen 0.13/turn               A - ring of protection from fire

@: confused, resistant, ambrosia-drunk, glowing, studying Armour
A: permanent stasis, dig shafts and tunnels, antennae 3, four strong arms, low
MP 1
a: Dig, Shaft Self, Renounce Religion, Divine Shield, Cleansing Flame, Summon
Divine Warrior


You were on level 10 of the Dungeon.
You worshipped the Shining One.
The Shining One was extremely pleased with you.
You visited 4 branches of the dungeon, and saw 14 of its levels.
You also visited: Ossuary and Bailey.

You collected 1951 gold pieces.
You spent 91 gold pieces at shops.

Inventory:

Hand Weapons
 a - the +8 trident of the Octopus King {venom, rElec rPois}
   (You found it on level 3 of the Dungeon)

   It poisons the flesh of those it strikes.
   rElec:     It insulates you from electricity.
   rPois:     It protects you from poison.
 b - a +1 battleaxe (weapon)
Missiles
 g - 11 curare-tipped darts (quivered)
 w - 4 throwing nets
 B - 2 datura-tipped darts
 E - 23 poisoned darts
Armour
 c - a +0 scale mail of fire resistance
 k - the +1 pair of boots "Urruam" (worn) {rN+ Will+ Dex+8}
   (You acquired it on level 9 of the Dungeon)

   Dex:       It affects your dexterity (+8).
   rN:        It protects you from negative energy.
   Will:      It increases your willpower.
 o - the +0 chain mail "Xizock" {rPois Str+3 Int-2}
   (You took it off a goblin in a bailey)

   Str:       It affects your strength (+3).
   Int:       It affects your intelligence (-2).
   rPois:     It protects you from poison.
 q - a +2 pair of boots
 t - a +2 scale mail of willpower (worn)
 y - a +1 pair of gloves (worn)
 M - a +0 plate armour
 O - +0 acid dragon scales
Jewellery
 i - the ring of Retuxiun {rPois Str+4 Int-4}
   (You acquired it in a bailey)

   [ring of poison resistance]

   Str:       It affects your strength (+4).
   Int:       It affects your intelligence (-4).
   rPois:     It protects you from poison.
 n - a ring of positive energy
 r - a ring of protection from fire (left hand)
 A - a ring of protection from fire (right hand)
 G - a +6 ring of intelligence
Wands
 z - a wand of iceblast (7)
Scrolls
 e - 3 scrolls of fear
 h - 2 scrolls of enchant weapon
 l - a scroll of silence
 s - a scroll of brand weapon
 C - 2 scrolls of holy word
 D - a scroll of vulnerability
 F - 4 scrolls of fog
Potions
 f - 2 potions of mutation {unknown}
 j - a potion of magic
 m - 2 potions of heal wounds {unknown}
 v - a potion of resistance
 x - 5 potions of curing
 H - 2 potions of ambrosia
 I - 2 potions of flight {unknown}
 J - a potion of lignification
 K - 2 potions of attraction {unknown}
 L - 2 potions of invisibility {unknown}
 P - 2 potions of might {unknown}
Miscellaneous
 d - a tin of tremorstones (inert)


   Skills:
 + Level 4.2 Fighting
 * Level 15.9 Axes
 - Level 6.0 Throwing
 - Level 9.8 Armour
 + Level 3.5 Invocations
 - Level 8.8 Evocations


You had 11 spell levels left.
You didn't know any spells.
Your spell library contained the following spells:

 Spells                   Type           Power      Damage    Failure   Level
 Animate Skeleton         Necr           0%         N/A       63%         1
 Pain                     Necr           0%         1d4       63%         1
 Sublimation of Blood     Necr           0%         N/A       77%         2
 Frozen Ramparts          Ice            0%         1d2       94%         3
 Gell's Gravitas          Tloc           0%         N/A       94%         3
 Lesser Beckoning         Tloc           0%         N/A       94%         3
 Ozocubu's Armour         Ice            0%         N/A       94%         3
 Portal Projectile        Hex/Tloc       0%         N/A       94%         3
 Teleport Other           Tloc           0%         N/A       94%         3
 Tukima's Dance           Hex            0%         N/A       94%         3
 Vampiric Draining        Necr           0%         2d6       94%         3
 Airstrike                Air            0%         N/A       100%        4
 Anguish                  Hex/Necr       0%         N/A       100%        4
 Ice Form                 Ice/Tmut       0%         N/A       100%        4
 Petrify                  Tmut/Erth      0%         N/A       100%        4
 Summon Ice Beast         Ice/Summ       0%         N/A       100%        4
 Summon Lightning Spire   Summ/Air       0%         N/A       100%        4
 Blade Hands              Tmut           0%         N/A       100%        5
 Excruciating Wounds      Necr           0%         N/A       100%        5
 Fireball                 Conj/Fire      0%         3d3       100%        5
 Irradiate                Conj/Tmut      0%         3d13      100%        5
 Iskenderun's Battlesphe  Conj           0%         2d6       100%        5
 Lightning Bolt           Conj/Air       0%         1d11      100%        5
 Summon Mana Viper        Hex/Summ       0%         N/A       100%        5
 Conjure Ball Lightning   Conj/Air       0%         3x3d6     100%        6
 Enfeeble                 Hex            0%         N/A       100%        7
 Monstrous Menagerie      Summ           0%         N/A       100%        7
 Orb of Destruction       Conj           0%         9d5       100%        7
 Ozocubu's Refrigeration  Ice            0%         4d5       100%        7


Dungeon Overview and Level Annotations

Branches:
Dungeon (11/15)            Temple (1/1) D:6            Lair (1/6) D:11
    Orc (1/2) D:10        Ossuary (visited)          Bailey (visited)

Altars:
Cheibriados
Elyvilon
Gozag
Hepliaklqana
Makhleb
Qazlal
Ru
Sif Muna
Vehumet
Wu Jian
Xom
Zin
The Shining One
Beogh

Shops:
D:6 (   D:10 =

Annotations:
D:4 1 runed translucent door, sammy202020's ghost, amateur DsBe


Innate Abilities, Weirdness & Mutations

You cannot be hasted, slowed, berserked, paralysed or teleported.
You can dig through walls and to a lower floor.
You have a pair of large antennae on your head. (SInv)
Your four strong arms can wield two-handed weapons with a shield.
Your magical capacity is low. (-10% MP)


Message History

You hit the orc sorcerer but do no damage.
The orc sorcerer is severely wounded.
You hit the orc warrior.
The orc warrior hits you but does no damage.
The orc sorcerer hits you but does no damage.
The sixfirhy hits you but does no damage. x2
The sixfirhy hits you. The sixfirhy shocks you!
The orc sorcerer hits you but does no damage.
An orc comes into view. It is wielding a +0 short sword.
There is a staircase back to the Dungeon here.
You take 13 damage, and have 47/83 hp.
The sixfirhy hits you. The sixfirhy shocks you! The sixfirhy hits you!
The sixfirhy shocks you!
* * * LOW HITPOINT WARNING * * *
The sixfirhy hits you but does no damage. x2
The orc warrior closely misses you.
The orc sorcerer hits you but does no damage.
You climb upwards.
Welcome back to the Dungeon!
The sixfirhy disappears in a puff of smoke!
There is a staircase to the Orcish Mines here.
You take 30 damage, and have 17/83 hp.
MASSIVE DAMAGE!!
You feel better.
The orc warrior hits you with a +0 broad axe!!
* * * LOW HITPOINT WARNING * * *
The orc sorcerer casts a spell.
You take 9 damage, and have 8/83 hp.
It was a potion of ambrosia.
You are confused.
You feel invigorated.
The orc warrior hits you with a +0 broad axe.
* * * LOW HITPOINT WARNING * * *
The orc sorcerer hits you but does no damage.
The smoke demon gestures at you. Something smites you!
* * * LOW HITPOINT WARNING * * *
You take 7 damage, and have 1/83 hp.
It was a potion of resistance.
You feel protected.
The orc warrior hits you with a +0 broad axe!
You die...

#.[....#.....#....'.[..##
#.)######...[#....##..#+#
#[.#.....#[).......####..
#.)8...).#<).........#...
#..'.....#[[.........#...
#..8..⌠.[#...........##..
#..#.....#.[###.#.....###
#[.#....o#..###.#........
#..#8._.@#......#........
#..#..3.o#..............#
#..#.....#.....##........
#..8..⌠..##..####........
#..'.....#####...........
##.8.....#.#.............
#.#.....#....#..........
#.#######....#..........
### #.......#..........


You could see a smoke demon (summoned), an orc sorcerer and an orc warrior.

Vanquished Creatures
  A boulder beetle (D:11)
  A hydra (D:9)
  3 two-headed ogres
  A tengu warrior (D:9)
  A deep elf pyromancer (D:10)
  2 orc knights (Bailey)
  A wizard (D:9)
  2 ugly things
  A komodo dragon (Lair:1)
  4 kobold demonologists
  2 trolls (D:10)
  A hornet (D:8)
  12 yaks
  Sigmund (D:2)
  2 wraiths
  4 wyverns
  Menkaure (D:5)
  5 acid dragons
  2 water moccasins
  A black bear (D:5)
  18 orc warriors
  3 sky beasts (D:6)
  3 ice beasts
  4 ogres
  4 centaurs
  A phantom (D:6)
  4 necrophages
  A bullfrog (D:8)
  4 kobold brigands
  2 gnoll sergeants
  4 scorpions
  3 wights
  6 killer bees (D:7)
  2 howler monkeys
  5 electric eels (Bailey)
  A jelly (D:5)
  A hound (D:4)
  2 gnoll shamans
  5 orc priests
  Jessica (D:3)
  Terence (D:3)
  3 iguanas
  4 orc wizards
  A mummy (Ossuary)
  19 gnolls
  15 adders
  2 ufetubi
  2 worms
  A dart slug (D:3)
  53 orcs
  3 spectral bats (Ossuary)
  8 ball pythons
  6 endoplasms
  4 giant cockroaches
  12 gnoll zombies (Ossuary)
  17 goblins
  11 hobgoblins
  2 jackals (D:3)
  21 kobolds
  4 quokkas
  6 bats
  3 bat simulacra (Ossuary)
  4 frilled lizards
  4 goblin simulacra (Ossuary)
  5 goblin zombies (Ossuary)
  5 hobgoblin zombies (Ossuary)
  3 kobold simulacra (Ossuary)
  4 kobold zombies (Ossuary)
  4 orc zombies (Ossuary)
  6 rats
  A rat simulacrum (Ossuary)
  7 spectral goblins (Ossuary)
  3 spectral kobolds (Ossuary)
  3 spectral rats (Ossuary)
369 creatures vanquished.

Vanquished Creatures (others)
  A gnoll (D:7)
  18 plants (D:4)
19 creatures vanquished.

Grand Total: 388 creatures vanquished

Notes
Turn   | Place    | Note
-------+----------+-------------------------------------------
     0 | D:1      | gimp the Formicid Wanderer began the quest for the Orb.
     0 | D:1      | gimp set off with the following items: a +0 dagger, a
                  | scroll of silence, 12 poisoned darts, a tin of tremorstones
                  | (2/2), a scroll of fear, a +0 leather armour
     0 | D:1      | Reached XP level 1. HP: 16/16 MP: 2/2
   324 | D:1      | Found a faded altar of an unknown god.
   370 | D:1      | Reached XP level 2. HP: 18/23 MP: 3/3
  1333 | D:2      | Found a radiant altar of Vehumet.
  1449 | D:2      | Reached skill level 1 in Axes
  1449 | D:2      | Reached XP level 3. HP: 10/29 MP: 4/4
  2104 | D:2      | Reached skill level 2 in Axes
  2133 | D:2      | Reached XP level 4. HP: 15/35 MP: 5/5
  3041 | D:2      | Noticed Sigmund
  3046 | D:2      | Killed Sigmund
  3047 | D:2      | Reached skill level 5 in Axes
  3047 | D:2      | Reached XP level 5. HP: 32/41 MP: 6/6
  3047 | D:2      | Reached XP level 6. HP: 36/47 MP: 7/7
  3475 | D:3      | Found the +8 trident of the Octopus King {venom, rElec
                  | rPois}
  3533 | D:3      | Found a white marble altar of Elyvilon.
  3602 | D:3      | Noticed Terence
  3630 | D:3      | Killed Terence
  4046 | D:3      | Noticed Jessica
  4051 | D:3      | Killed Jessica
  4052 | D:3      | Reached skill level 6 in Axes
  4052 | D:3      | Reached XP level 7. HP: 40/52 MP: 8/8
  4226 | D:3      | Found a snail-covered altar of Cheibriados.
  4290 | D:3      | Found a shimmering altar of Xom.
  4644 | D:4      | Found a hazy altar of Hepliaklqana.
  4797 | D:4      | Reached skill level 7 in Axes
  4953 | D:4      | Reached XP level 8. HP: 53/58 MP: 9/9
  5170 | D:4      | Found a runed translucent door.
  5173 | D:4      | Noticed sammy202020's ghost (amateur DsBe)
  5716 | D:5      | Entered Level 5 of the Dungeon
  5847 | D:5      | Reached skill level 8 in Axes
  6075 | D:5      | Noticed Menkaure
  6079 | D:5      | Killed Menkaure
  6081 | D:5      | Found a glowing golden altar of the Shining One.
  6171 | D:5      | Became a worshipper of the Shining One
  6554 | D:6      | Found a staircase to the Ecumenical Temple.
  6559 | D:6      | Found a radiant altar of Vehumet.
  6626 | Temple   | Entered the Ecumenical Temple
  6660 | D:6      | Reached skill level 9 in Axes
  6660 | D:6      | Reached skill level 5 in Throwing
  6660 | D:6      | Reached XP level 9. HP: 64/64 MP: 10/10
  6887 | D:6      | Identified the +10 quarterstaff "Habbemut" {protect, rF+
                  | Int+4}
  6941 | D:6      | Found Soidol Line's Weapon Emporium.
  6950 | D:6      | Bought a +0 battleaxe for 91 gold pieces
  7186 | D:6      | Reached skill level 10 in Axes
  7425 | D:7      | Reached skill level 11 in Axes
  7519 | D:7      | Reached XP level 10. HP: 57/70 MP: 11/11
  7545 | D:7      | Found a sand-covered staircase.
  7551 | D:7      | Found a shimmering blue altar of Sif Muna.
  7554 | Ossuary  | Entered an ossuary
  7556 | Ossuary  | Reached * piety under the Shining One
  7601 | Ossuary  | Reached ** piety under the Shining One
  7636 | Ossuary  | Reached *** piety under the Shining One
  7781 | Ossuary  | Reached **** piety under the Shining One
  7813 | Ossuary  | Reached ***** piety under the Shining One
  7928 | D:7      | Identified a scroll of acquirement
  7930 | D:7      | Acquired 1217 gold pieces
  8159 | D:7      | Reached skill level 12 in Axes
  9479 | D:9      | Noticed a two-headed ogre
  9480 | D:9      | Noticed a wizard
  9487 | D:9      | Killed a wizard
  9488 | D:9      | Reached skill level 5 in Evocations
  9489 | D:9      | Found an ornate altar of the Wu Jian Council.
  9705 | D:9      | Reached skill level 13 in Axes
 10243 | D:9      | Found a sacrificial altar of Ru.
 10243 | D:9      | Found a stormy altar of Qazlal.
 10251 | D:9      | Acquired a manual of Armour
 10252 | D:9      | Acquired the +1 pair of boots "Urruam" {rN+ Will+ Dex+8}
 10278 | D:9      | Found an opulent altar of Gozag.
 10308 | D:9      | Noticed a tengu warrior
 10320 | D:9      | The Shining One protects you from harm!
 10321 | D:9      | Killed a tengu warrior
 10322 | D:9      | Reached XP level 11. HP: 14/75 MP: 12/12
 10732 | D:9      | Noticed a brown ugly thing
 10757 | D:9      | Killed a brown ugly thing
 11158 | D:9      | Noticed a four-headed hydra
 11164 | D:9      | Killed a two-headed ogre
 11165 | D:9      | Reached skill level 5 in Armour
 11171 | D:9      | Killed a four-headed hydra
 11172 | D:9      | Reached skill level 14 in Axes
 11646 | D:10     | Entered Level 10 of the Dungeon
 11657 | D:10     | Gained mutation: Your magical capacity is low. (-10% MP) [a
                  | neqoxec]
 11666 | D:10     | Noticed a two-headed ogre
 11677 | D:10     | Killed a two-headed ogre
 11687 | D:10     | Found a flagged portal.
 11802 | Bailey   | Entered a bailey
 11960 | Bailey   | Noticed an orc knight
 11975 | Bailey   | Killed an orc knight
 12499 | Bailey   | Acquired the ring of Retuxiun {rPois Str+4 Int-4}
 12849 | Bailey   | Noticed an orc knight
 12859 | Bailey   | Killed an orc knight
 13021 | Bailey   | Reached XP level 12. HP: 81/81 MP: 12/12
 13170 | Bailey   | Identified the +0 chain mail "Xizock" {rPois Str+3 Int-2}
 13180 | Bailey   | Found an iron altar of Okawaru.
 13343 | D:10     | Found a glowing silver altar of Zin.
 13571 | D:10     | Noticed a sun demon
 13574 | D:10     | Noticed a sun demon
 13579 | D:10     | Noticed a soul eater
 13582 | D:10     | Reached skill level 15 in Axes
 13828 | D:10     | Found a burning altar of Makhleb.
 14349 | D:10     | Found Qonaicw's Jewellery Boutique.
 14370 | D:10     | Found a staircase to the Orcish Mines.
 16200 | D:11     | Noticed a two-headed ogre
 16208 | D:11     | Killed a two-headed ogre
 16282 | D:11     | Found a staircase to the Lair.
 16961 | D:11     | Noticed a boulder beetle
 16979 | D:11     | Killed a boulder beetle
 17350 | Lair:1   | Entered Level 1 of the Lair of Beasts
 17424 | Orc:1    | Entered Level 1 of the Orcish Mines
 17441 | Orc:1    | Noticed a sixfirhy
 17447 | D:10     | HP: 1/83 [smoke demon/divine providence[an orc sorcerer]
                  | (7)]
 17448 | D:10     | Slain by an orc warrior

Illustrated notes

Levels and vault maps discovered:
D:1:      scummos_arrival_hexagon, layout_basic, serial_forest,
          infiniplex_forest_lined_3_way, infiniplex_forest_corner_1,
          infiniplex_forest_clump_small, infiniplex_forest_lined_3,
          infiniplex_forest_straight_4, infiniplex_forest_lined_ring,
          chequers_ecumenical_altar_island
D:2:      layout_loops_ring, basic_altar, uniq_sigmund
D:3:      layout_rooms, elyvilon_altar_5, nicolae_overflow_squiral,
          uniq_jessica, uniq_terence
D:4:      nicolae_cairo_tiling_large, layout_basic, nzn_hepliaklqana_mist_gate,
          ebering_ghost_reflecting_pool, grunt_decor_junction,
          minmay_misc_feat_chi, palyth_stone_intersect, st_stairs_13,
          lexackson_kobold_supper
D:5:      layout_gridville, overflow_temple_1_default, uniq_menkaure
D:6:      layout_basic, lemuel_round_altar, minmay_temple_entry_glass,
          serial_shops, shop_statue
D:7:      layout_rooms, overflow_temple_1_default,
          lightli_ossuary_entry_decrepit_ruins
D:8:      layout_loops_ring, hangedman_abyss_or_decor_stabs, chequers_arboretum
D:9:      minmay_chambers_of_sixes, layout_grid_maze, grunt_temple_overflow_open
D:10:     minmay_bubble_buster, layout_cave_pools, lightli_temple_of_fire,
          overflow_temple_1_default, david_orc_5, serial_shops,
          nicolae_shop_crystal, enter_bailey_5
D:11:     layout_roguey, lair_entry_dummy
Temple:   pf_slime_end_temple
Lair:1:   layout_chaotic_city
Orc:1:    layout_caves

Skill      XL: |  1  2  3  4  5  6  7  8  9 10 11 12 |
---------------+-------------------------------------+-----
Fighting       | 3 4 |  4.2
Axes           | 1 2 5 6 7 9 11 13 14 15 | 15.9
Throwing       | 3 5 6 |  6.0
Evocations     | 5 7 8 |  8.8
Armour         | 3 7 9 |  9.8
Invocations    | 3 |  3.5

Action                   |  1- 3 |  4- 6 |  7- 9 | 10-12 || total
-------------------------+-------+-------+-------+-------++-------
Melee: Dagger            |    92 |       |       |       ||    92
       Punch             |     2 |     1 |     2 |     4 ||     9
       Hand axe          |    44 |    85 |       |       ||   129
       Trident           |       |    39 |   230 |   234 ||   503
       Battleaxe         |       |       |       |   295 ||   295
Throw: Dart              |       |    12 |       |    11 ||    23
Invok: Divine Shield     |       |       |       |     1 ||     1
 Abil: Dig               |     1 |     1 |     1 |    10 ||    13
Evoke: Tin of tremorston |     1 |     1 |     2 |     2 ||     6
       Wand              |       |       |       |    26 ||    26
  Use: Potion            |     1 |       |       |     4 ||     5
       Scroll            |       |       |       |    26 ||    26
Armor: Ring mail         |    47 |    49 |       |       ||    96
       Skin              |    31 |       |       |       ||    31
       Scale mail        |       |     5 |    93 |   217 ||   315
Dodge: Dodged            |    69 |    69 |    75 |   214 ||   427
Block: Other             |       |       |       |     2 ||     2

Table legend: (Time is in decaauts)
 A = Elapsed time spent in this place.
 B = Non-inter-level travel time spent in this place.
 C = Inter-level travel time spent in this place.
 D = Time resting spent in this place.
 E = Time spent auto-exploring this place.
 F = Levels seen in this place.
 G = Mean time per level.
                   A        B        C        D        E       F      G
               +--------+--------+--------+--------+--------+-----+--------+
         Total |  17470 |  17020 |    450 |   3425 |  10338 |  16 | 1091.9 |
       Dungeon |  15568 |  15124 |    444 |   2999 |   9569 |  11 | 1415.3 |
        Temple |      4 |      4 |      0 |      0 |      0 |   1 |    4.0 |
          Lair |     19 |     14 |      5 |      0 |      0 |   1 |   19.0 |
  Orcish Mines |     20 |     20 |      0 |      0 |      0 |   1 |   20.0 |
       Ossuary |    320 |    320 |      0 |      0 |     28 |   1 |  320.0 |
        Bailey |   1537 |   1537 |      0 |    426 |    740 |   1 | 1537.0 |
               +--------+--------+--------+--------+--------+-----+--------+

Top non-repeatable levels by time:
    D:10: 2567 daAuts
     D:2: 2083 daAuts
     D:9: 1990 daAuts
     D:1: 1580 daAuts
  Bailey: 1537 daAuts
     D:8: 1511 daAuts
    D:11: 1210 daAuts
     D:4: 1206 daAuts
     D:3: 885 daAuts
     D:7: 880 daAuts
     D:6: 862 daAuts
     D:5: 788 daAuts
 Ossuary: 320 daAuts
   Orc:1: 20 daAuts
  Lair:1: 19 daAuts
